 Dungeon Crawl Stone Soup version 0.17-a0-1442-g10bb59b (console) character file.

80 Fusha the Bolt Thrower (level 4, -9/36 HPs)
             Began as a Draconian Wanderer on June 27, 2015.
             Was an Initiate of Yredelemnul.
             Mangled by Sigmund
             ... wielding a +0 scythe
              (15 damage)
             ... on level 2 of the Dungeon.
             The game lasted 00:07:18 (1808 turns).

Fusha the Bolt Thrower (Draconian Wanderer)         Turns: 1808, Time: 00:07:18

Health: -9/36      AC:  5    Str: 18    XL:     4   Next: 18%
Magic:  4/4        EV: 11    Int: 13    God:    Yredelemnul [......]
Gold:   77         SH:  0    Dex: 12    Spells: 0 memorised, 3 levels left

rFire  . . .     SeeInvis .     i - +0 hand crossbow
rCold  . . .     Clarity  .     (armour unavailable)
rNeg   . . .     SustAt   .     (no shield)
rPois  .         Gourm    .     (helmet restricted)
rElec  .         Spirit   .     (no cloak)
rCorr  .         Warding  .     (no gloves)
rMut   .         Stasis   +     (no boots)
MR     .....                    l - amulet of stasis
Stlth  +.........               (no ring)
                                (no ring)

@: mighty, not resistant to hostile enchantments, very unstealthy
A: unfitting armour, cold-blooded, AC +5
a: Renounce Religion


You were on level 2 of the Dungeon.
You worshipped Yredelemnul.
Yredelemnul was noncommittal.
You were not hungry.

You visited 1 branch of the dungeon, and saw 2 of its levels.

You collected 77 gold pieces.

Inventory:

Hand weapons
 a - a +2 whip of flaming
 b - a +2 blowgun
 i - a +0 hand crossbow (weapon)
Missiles
 c - 2 curare-tipped needles
 d - 13 bolts (quivered)
Jewellery
 l - an amulet of stasis (around neck)
Scrolls
 e - 2 scrolls of teleportation
 g - a scroll of magic mapping {unknown}
 j - a scroll of enchant weapon {unknown}
 k - a scroll of identify {unknown}
 o - 2 scrolls of immolation {unknown}
Potions
 m - a potion of curing
 n - a potion of cure mutation {unknown}
 p - 2 potions of haste {unknown}
 q - a potion of invisibility {unknown}
Comestibles
 f - a beef jerky
 r - a bread ration


   Skills:
 - Level 2.1 Fighting
 + Level 2.9 Maces & Flails
 * Level 4.8 Crossbows
 - Level 1.0 Throwing
   Level 1.0 Shields


You had 3 spell levels left.
You didn't know any spells.

Dungeon Overview and Level Annotations

Branches:
Dungeon (2/15)

Altars:
Dithmenos
Xom
Yredelemnul

Annotations:
D:2 Ijyb, Sigmund


Innate Abilities, Weirdness & Mutations

Your plain brown scales are hard (AC +5).
Your body does not fit into most forms of armour.
You are cold-blooded and may be slowed by cold attacks.


Message History

You shoot a bolt. Something hits you!
* * * LOW HITPOINT WARNING * * *
Drink which item? (? for menu, Esc to quit)
It was a potion of curing.
You feel better.
You hear some strange, mumbled words.
You are confused.
Drink which item? (? for menu, Esc to quit)
You feel better. Something hits you!
* * * LOW HITPOINT WARNING * * *
Drink which item? (? for menu, Esc to quit)
You feel better.
Read which item? (? for menu, Esc to quit)
You cannot teleport because you are wearing an amulet of stasis.
Unknown command.
Drink which item? (? for menu, Esc to quit)
It was a potion of might.
You feel very mighty all of a sudden. Something hits you!
You die...
Your body rises from the dead as a mindless zombie.

..(. #.(## #...## #.... .g( #S#
#. ## #(# #. #. ... #.# #.# #.
#.# ##@## #.. #.# #.# ##...##
#..# ..## #.#### ##.....## ...
..# #.##.## ##.......#
###.####.#
#.#...####..........##.....##.#
#........'..........#.......#..
#.#...####..........#.......#.#
#.##.## ##.......#....._...†)#
#.#### ##.....##.#.......#.#


You could see Ijyb and an adder.

Vanquished Creatures
  Natasha (twice) (D:2)
  An adder (D:2)
  A worm (D:2)
  A giant gecko (D:2)
  2 gnoll zombies (D:2)
  3 goblins
  A hobgoblin (D:2)
  A quokka (D:2)
  3 bats
  A giant cockroach (D:1)
  A giant newt (D:2)
  10 jackals (D:1)
  3 kobolds (D:1)
  4 rats
34 creatures vanquished.

Notes
Turn   | Place    | Note
--------------------------------------------------------------
     0 | D:1      | Fusha the Draconian Wanderer began the quest for the Orb.
     0 | D:1      | Fusha set off with: 2 curare-tipped needles, a +2 blowgun, a +0 hand crossbow, 25 bolts, a scroll of teleportation, a bread ration
     0 | D:1      | Reached XP level 1. HP: 17/17 MP: 1/1
   425 | D:1      | Reached XP level 2. HP: 18/24 MP: 2/2
   664 | D:1      | Reached skill level 4 in Crossbows
   878 | D:2      | Noticed Natasha
   887 | D:2      | Killed Natasha
   887 | D:2      | Reached XP level 3. HP: 20/29 MP: 3/3
  1090 | D:2      | Found a basalt altar of Yredelemnul.
  1104 | D:2      | Noticed Natasha
  1108 | D:2      | Killed Natasha
  1124 | D:2      | Became a worshipper of Yredelemnul the Dark
  1161 | D:2      | Found a shadowy altar of Dithmenos.
  1373 | D:2      | Found a shadowy altar of Dithmenos.
  1471 | D:2      | Reached XP level 4. HP: 26/36 MP: 4/4
  1702 | D:2      | Found a shimmering altar of Xom.
  1789 | D:2      | Noticed Sigmund
  1793 | D:2      | Noticed Ijyb
  1804 | D:2      | HP: 1/36 [something (8)]
  1808 | D:2      | Mangled by Sigmund

Vault maps used:
D:1:      mrwooster_arrival_statue_2
D:2:      nicolae_ru_sacrificial_ziggurat, lemuel_zombie_altar_yredelemnul,
          old_standard_altar, overflow_temple_1_default,
          nicolae_dithmenos_shadow_blocks, uniq_natasha, uniq_sigmund,
          uniq_iyjb, uniq_crazy_yiuf_cottage

Action                   |  1- 3 |  4- 6 || total
-------------------------+-------+-------++-------
Melee: Whip              |    72 |    15 ||    87
 Fire: Hand crossbow     |     7 |    11 ||    18
  Use: Potion            |       |     4 ||     4
 Stab: Sleeping          |       |     1 ||     1
  Eat: Bread ration      |     1 |       ||     1
